Map: Blackburn LE

Players

DnS

  • Race: Protoss Protoss
  • League: Master

Reynor - Winner!

  • Race: Zerg Zerg

Event: DreamHack SC2 Masters 2021 Summer

VOD

Have the link to the VOD?

Description

Time

  • Played on: May 19, 2021, 2:09 p.m.
  • Length: 13:10

All games in this series

Show
View Real Time Build Order
Export as new Build Order

DnS Protoss 

Build Orders: Nexus First 

Get SALT Encoding   

  12  0:00  Probe  
  13  0:12  Probe  
  14  0:19  Pylon  
  14  0:24  Probe  
  15  0:37  Probe (Chrono Boost)  
  16  0:46  Probe (Chrono Boost)  
  17  0:52  Probe  
  18  1:05  Nexus  
  18  1:15  Forge  
  18  1:17  Probe  
  19  1:29  Gateway  
  19  1:30  Probe  
  20  1:42  Pylon  
  20  1:47  Probe  
  21  2:01  Photon Cannon  
  21  2:02  Photon Cannon  
  21  2:06  Photon Cannon  
  21  2:11  Probe  
  22  2:17  Zealot  
  24  2:23  Probe  
  24  2:27  Cybernetics Core  
  24  2:29  Probe  
  26  2:35  Assimilator  
  26  2:37  Probe  
  27  2:41  Probe  
  28  2:45  Assimilator  
  28  2:49  Probe  
  29  2:54  Pylon  
  29  2:56  Probe  
  30  3:05  Pylon  
  30  3:08  Adept (Chrono Boost)  
  32  3:14  Probe  
  32  3:17  Photon Cannon  
  31  3:22  Photon Cannon  
  31  3:24  Probe  
  32  3:29  Adept (Chrono Boost)  
  32  3:30  Probe  
  35  3:36  Probe  
  36  3:43  Probe  
  36  3:45  Stargate  
  37  3:50  Shield Battery  
  37  3:53  Probe  
  38  3:56  Probe  
  38  3:57  Warp Gate  
  39  4:04  Adept  
  39  4:05  Probe  
  39  4:08  Probe  
  43  4:16  Gateway  
  42  4:17  Probe, Pylon  
  42  4:20  Void Ray (Chrono Boost)  
  42  4:21  Probe  
  44  4:29  Probe  
  49  4:33  Pylon  
  49  4:37  Pylon  
  49  4:38  Probe  
  50  4:40  Assimilator  
  50  4:41  Probe  
  51  4:46  Assimilator  
  51  4:50  Probe  
  51  4:52  Pylon  
  52  4:53  Probe  
  52  4:55  Oracle (Chrono Boost)  
  56  5:02  Probe  
  56  5:05  Probe  
  58  5:14  Probe  
  59  5:28  Probe  
  59  5:30  Stargate  
  59  5:32  Probe  
  59  5:35  Pylon  
  61  5:41  Fleet Beacon  
  61  5:43  Void Ray (Chrono Boost)  
  61  5:45  Adept x2  
  61  5:47  Probe  
  62  5:50  Shield Battery  
  62  5:53  Shield Battery  
  62  5:54  Shield Battery  
  65  5:57  Shield Battery  
  65  6:01  Pylon  
  65  6:05  Shield Battery  
  65  6:06  Stalker  
  65  6:07  Stalker  
  69  6:18  Void Ray  
  69  6:20  Fleet Beacon  
  73  6:27  Pylon  
  73  6:34  Adept x2  
  73  6:36  Probe  
  78  6:49  Nexus  
  78  6:50  Pylon  
  77  6:57  Pylon  
  77  6:58  Pylon  
  77  7:02  Tempest x2 (Chrono Boost)  
  87  7:10  Nexus  
  87  7:12  Pylon  
  87  7:18  Probe  
  87  7:19  Probe  
  88  7:32  Nexus  
  88  7:34  Pylon  
  88  7:35  Tempest (Chrono Boost)  
  97  7:53  Tempest (Chrono Boost)  
  97  8:03  Probe x2  
  98  8:10  Void Ray (Chrono Boost), Protoss Air Weapons Level 1  
  101  8:20  Flux Vanes  
  101  8:24  Zealot x2  
  105  8:29  Probe x2  
  105  8:32  Pylon  
  107  8:34  Pylon x2  
  107  8:35  Pylon x2  
  107  8:37  Void Ray (Chrono Boost)  
  111  8:42  Nexus  
  111  8:43  Void Ray (Chrono Boost), Shield Battery  
  111  8:44  Probe, Pylon  
  111  8:45  Probe  
  117  8:53  Adept x2  
  121  8:57  Probe x2  
  121  8:59  Assimilator  
  119  9:04  Void Ray (Chrono Boost)  
  119  9:08  Shield Battery  
  127  9:22  Zealot  
  127  9:23  Zealot  
  131  9:34  Void Ray  
  131  9:38  Nexus  
  131  9:40  Mothership (Chrono Boost)  
  139  9:49  Assimilator  
  139  9:52  Pylon  
  139  10:05  Zealot x2  
  143  10:07  Forge  
  149  10:17  Carrier (Chrono Boost)  
  147  10:31  Zealot x2  
  147  10:32  Carrier (Chrono Boost)  
  132  11:06  Probe (Chrono Boost)  
  132  11:08  Pylon  
  127  11:12  Probe (Chrono Boost)  
  127  11:17  Sentry  
  127  11:18  Sentry  
  138  11:20  Probe  
  138  11:22  Carrier (Chrono Boost)  
  138  11:24  Probe  
  140  11:32  Probe, Photon Cannon  
  141  11:35  Photon Cannon  
  141  11:36  Probe  
  142  11:44  Probe  
  143  11:48  Probe  
  143  11:51  Tempest (Chrono Boost)  
  149  11:56  Probe  
  149  12:00  Probe  
  151  12:02  Photon Cannon  
  151  12:04  Photon Cannon  
  151  12:08  Probe  
  152  12:12  Probe, Zealot x2  
  157  12:18  Tempest  
  157  12:20  Probe  
  163  12:23  Stargate  
  163  12:25  Probe  
  164  12:38  Zealot x2  
  113  13:00  Zealot x2  
Show
View Real Time Build Order
Export as new Build Order

Reynor Zerg - Winner!

Build Orders: Hatch First 

Get SALT Encoding   

  12  0:00  Drone  
  13  0:12  Overlord  
  13  0:17  Drone  
  14  0:30  Drone x2  
  16  0:41  Drone  
  17  0:52  Hatchery  
  17  0:55  Drone  
  17  0:58  Drone  
  18  1:08  Extractor  
  17  1:13  Spawning Pool  
  17  1:16  Drone  
  17  1:19  Drone  
  18  1:27  Drone  
  19  1:38  Drone  
  20  1:50  Overlord  
  20  2:01  Queen  
  20  2:04  Queen  
  20  2:05  Zergling x4  
  26  2:11  Zergling x2  
  26  2:15  Drone  
  28  2:24  Metabolic Boost  
  28  2:35  Hatchery  
  27  2:51  Hatchery  
  27  2:53  Drone  
  27  2:56  Drone  
  28  2:59  Drone  
  29  3:07  Overlord  
  29  3:10  Drone  
  29  3:14  Drone  
  30  3:25  Overlord  
  30  3:28  Drone x2  
  31  3:49  Zergling x2  
  31  3:50  Hatchery, Zergling x2  
  32  3:59  Zergling x6  
  32  4:02  Zergling x2  
  36  4:06  Zergling x2  
  37  4:10  Drone  
  38  4:19  Drone  
  38  4:20  Queen  
  41  4:29  Drone  
  41  4:30  Drone x2  
  42  4:36  Drone x2  
  42  4:37  Drone  
  45  4:39  Zergling x6  
  45  4:45  Queen  
  48  4:48  Drone  
  48  4:50  Overlord  
  51  4:59  Overlord  
  51  5:02  Queen  
  51  5:04  Overlord  
  53  5:08  Drone x2  
  53  5:10  Drone x2  
  57  5:15  Evolution Chamber  
  57  5:18  Drone x2  
  57  5:19  Queen  
  60  5:23  Drone  
  60  5:28  Zergling x2  
  62  5:31  Zergling x8  
  62  5:32  Spore Crawler  
  62  5:34  Drone  
  66  5:37  Zergling x6  
  66  5:39  Queen  
  66  5:42  Overlord  
  70  5:44  Drone  
  70  5:45  Drone x2  
  70  5:49  Zerg Melee Weapons Level 1  
  70  5:50  Drone x2  
  70  5:52  Drone  
  70  5:55  Overlord  
  73  6:08  Drone x3  
  73  6:11  Hatchery, Spore Crawler  
  75  6:12  Spore Crawler  
  75  6:16  Drone x2  
  75  6:17  Drone x2  
  77  6:19  Overlord  
  77  6:22  Lair  
  77  6:25  Drone x3  
  80  6:31  Drone x2  
  82  6:33  Extractor  
  82  6:35  Extractor  
  82  6:39  Drone x3  
  83  6:40  Queen  
  83  6:42  Overlord  
  83  6:44  Drone, Queen  
  89  6:47  Drone  
  89  6:50  Zergling x6  
  89  6:51  Zergling x6  
  95  7:07  Zergling x2  
  95  7:08  Zergling x10  
  101  7:13  Zergling x10  
  101  7:15  Overlord  
  104  7:19  Overlord  
  104  7:20  Queen  
  104  7:23  Queen  
  104  7:24  Queen  
  104  7:26  Drone x2  
  110  7:34  Zergling x12  
  110  7:35  Zergling x2  
  115  7:40  Drone  
  115  7:41  Drone x3, Baneling Nest  
  113  7:44  Zerg Melee Weapons Level 2  
  113  7:46  Zergling x6  
  115  7:52  Drone  
  115  7:54  Extractor  
  115  7:55  Extractor, Spire  
  115  7:56  Extractor  
  105  8:06  Drone x3  
  105  8:07  Drone x2, Queen  
  109  8:13  Zergling x2  
  109  8:14  Zergling x14  
  109  8:16  Queen  
  114  8:21  Overlord  
  114  8:27  Drone  
  114  8:29  Drone x4  
  114  8:31  Overlord  
  119  8:34  Drone x2  
  119  8:38  Baneling x5  
  119  8:39  Baneling  
  119  8:40  Drone  
  122  8:42  Hatchery  
  122  8:43  Drone  
  122  8:44  Drone x3  
  122  8:47  Extractor  
  122  8:48  Extractor  
  123  9:02  Zergling x20  
  130  9:03  Zergling x2  
  130  9:04  Queen  
  130  9:08  Overlord  
  133  9:17  Overlord  
  130  9:28  Queen  
  142  9:35  Zergling x4  
  142  9:36  Zergling x10  
  150  9:40  Overlord x2  
  150  9:44  Overlord  
  150  9:50  Overlord  
  150  9:54  Queen x2  
  150  9:55  Hydralisk Den  
  127  10:00  Baneling  
  127  10:01  Baneling x7, Spore Crawler  
  127  10:04  Queen  
  128  10:08  Drone x2  
  128  10:11  Zerg Missile Weapons Level 1, Overlord  
  130  10:20  Hatchery  
  126  10:30  Queen  
  126  10:34  Hydralisk x14  
  126  10:35  Hydralisk x6  
  155  10:36  Muscular Augments  
  155  10:40  Queen  
  145  10:43  Hydralisk  
  145  10:45  Hydralisk  
  145  10:46  Hydralisk  
  143  10:54  Hydralisk  
  143  10:56  Hydralisk  
  147  10:57  Queen  
  147  10:58  Hydralisk x2, Zergling x4  
  155  11:09  Hydralisk  
  155  11:10  Zergling x10  
  160  11:12  Centrifical Hooks  
  160  11:16  Zergling x4  
  160  11:17  Zergling x2  
  160  11:18  Queen  
  163  11:21  Zergling x2  
  163  11:23  Hydralisk x2, Overlord  
  163  11:24  Zergling x2  
  171  11:27  Infestation Pit  
  171  11:29  Zergling x2  
  171  11:30  Zergling x2  
  171  11:31  Hydralisk  
  171  11:32  Zergling x6  
  177  11:34  Zergling x4  
  177  11:39  Queen  
  179  11:42  Zergling x2  
  179  11:43  Zergling x4  
  179  11:45  Overlord  
  179  11:46  Zergling x2  
  185  11:53  Baneling x24  
  185  11:54  Hydralisk  
  185  11:55  Zergling x16  
  193  12:02  Zergling x2  
  193  12:03  Overseer x3  
  193  12:06  Hydralisk, Zergling x6  
  193  12:07  Pneumatized Carapace  
  199  12:11  Baneling x15  
  199  12:12  Baneling x5  
  200  12:15  Zergling x2  
  199  12:23  Spore Crawler  
  185  12:39  Hydralisk  
  185  12:40  Zergling x18  
  185  12:41  Hydralisk x3  
  185  12:42  Hydralisk x3  
  171  12:50  Zergling x2  
Tags
 
Add a new tag
Caveats
  • Supply blocks, unpowered buildings, or Contaminate may cause inaccurate times.
  • Supply counts are checked every 10 seconds.